 Dungeon Crawl Stone Soup version 0.30.1-9-gdf580d7c3d (webtiles) character file.

Game seed: 6318071445829467108

1200 safid the Chiller (level 8, -3/64 HPs)
             Began as a Merfolk Ice Elementalist on Oct 13, 2023.
             Slain by a shadow (7 damage)
             ... on level 5 of the Dungeon.
             The game lasted 00:04:37 (4503 turns).

safid the Chiller (Merfolk Ice Elementalist)        Turns: 4503, Time: 00:04:38

Health: -3/64      AC:  6    Str:  9    XL:     8   Next: 44%
Magic:  16/16      EV: 12    Int: 16    God:
Gold:   194        SH:  0    Dex: 14    Spells: 11/18 levels left

rFire   . . .        c - +4 whip (drain)
rCold   . . .        (no shield)
rNeg    . . .        a - +0 robe
rPois   .            (no helmet)
rElec   .            (no cloak)
rCorr   +            (no gloves)
SInv    .            (no boots)
Will    .....        x - amulet of regeneration
Stlth   ++           k - ring of resist corrosion
HPRegen 1.10/turn    n - +4 ring of protection
MPRegen 0.15/turn

%: no passive effects
@: no status effects
A: (nimble swimmer 2), mertail
a: no special abilities


You were on level 5 of the Dungeon.
You visited 1 branch of the dungeon, and saw 5 of its levels.

You collected 194 gold pieces.

Inventory:

Hand Weapons
 c - a +4 whip of draining (weapon)
Missiles
 r - a throwing net
Armour
 a - a +0 robe (worn)
Jewellery
 k - a ring of resist corrosion (left hand)
 n - a +4 ring of protection (right hand)
 x - an amulet of regeneration (around neck)
Wands
 w - a wand of roots (10)
Scrolls
 d - a scroll of teleportation {unknown}
 e - a scroll of summoning {unknown}
 g - a scroll of fog {unknown}
 h - a scroll of poison {unknown}
 i - a scroll of enchant weapon {unknown}
 l - 3 scrolls of identify {unknown}
 p - a scroll of noise {unknown}
 s - a scroll of magic mapping {unknown}
 u - a scroll of blinking {unknown}
 v - 2 scrolls of immolation {unknown}
Potions
 b - 2 potions of magic
 f - 2 potions of might {unknown}
 j - a potion of curing
 m - 2 potions of heal wounds {unknown}
 o - a potion of invisibility {unknown}
 q - a potion of brilliance {unknown}
 t - 2 potions of flight {unknown}


   Skills:
 + Level 6.0 Fighting
 - Level 2.6 Dodging
 - Level 2.1 Stealth
 + Level 5.5 Spellcasting
 + Level 7.6 Ice Magic


You had 11 spell levels left.
You knew the following spells:

 Your Spells              Type           Power      Damage    Failure   Level
a - Freeze                Ice            100%       1d10      1%          1
b - Frozen Ramparts       Ice            56%        1d9       1%          3
c - Ozocubu's Armour      Ice            28%        N/A       1%          3

Your spell library contained the following spells:

 Spells                   Type           Power      Damage    Failure   Level
 Lesser Beckoning         Tloc           8%         N/A       22%         2
 Summon Ice Beast         Ice/Summ       16%        N/A       30%         4
 Gell's Gravitas          Tloc           4%         N/A       41%         3
 Teleport Other           Tloc           4%         N/A       41%         3


Dungeon Overview and Level Annotations

Branches:
Dungeon (5/15)
 Temple: D:4-7

Altars:
Cheibriados
Dithmenos
Okawaru

Shops:
D:1 [

Annotations:
D:4 3 runed translucent doors, Kazon's ghost, amateur GrFi; KittyFluff's ghost, novice MiBe; Koog's ghost, amateur DsBe; lonewolfV2's ghost, amateur FoFi


Innate Abilities, Weirdness & Mutations

((You are very nimble when in or above water. (Stealth+, EV+, Speed+++)))
Your lower body shifts to a powerful aquatic tail in water.


Message History

You see here a +0 ring mail.
You barely miss the shadow.
The shadow is moderately damaged.
The shadow slips into darkness.
The shadow flickers and vanishes!
Deactivating autopickup; reactivate with Ctrl-A.
You barely miss something.
The shadow strikes at you from the darkness!
Ouch! That really hurt!
Reactivating autopickup.
You hit the shadow but do no damage. You punch the shadow, but do no damage.
The shadow is lightly damaged.
The shadow hits you.
You hit the shadow but do no damage.
The shadow is lightly damaged.
The shadow hits you!
* * * LOW HITPOINT WARNING * * *
You hit the shadow.
The shadow is moderately damaged.
The shadow misses you.
You hit the shadow.
The shadow is moderately damaged.
The shadow misses you.
You barely miss the shadow.
The shadow is moderately damaged.
The shadow hits you.
* * * LOW HITPOINT WARNING * * *
You closely miss the shadow.
The shadow is moderately damaged.
The shadow slips into darkness.
The shadow flickers and vanishes!
Deactivating autopickup; reactivate with Ctrl-A.
You hit something but do no damage.
The shadow strikes at you from the darkness!
* * * LOW HITPOINT WARNING * * *
Reactivating autopickup.
You closely miss the shadow.
The shadow is moderately damaged.
The shadow hits you!
You die...

.......#. .......
.....# .... #..#
####..## #......#
.#.
#.####.#######.....
##.###..>.WW@...#
#..#......#######
#.##.......#
##.##.......#
##.....).....#
#..####.....##
###..# ##.....##
#...#..........#
#.....##.......#


You could see a phantom and a shadow.

Vanquished Creatures
  A sky beast (D:4)
  An orc warrior (D:4)
  A black bear (D:4)
  A centaur (D:5)
  2 ogres
  A gnoll sergeant (D:5)
  A scorpion (D:5)
  An orc priest (D:4)
  Terence (D:3)
  6 iguanas
  4 orc wizards
  8 gnolls
  6 adders
  An ufetubus (D:4)
  3 worms (D:2)
  A dart slug (D:5)
  10 orcs
  4 bats
  3 endoplasms
  4 giant cockroaches
  7 goblins
  10 hobgoblins
  6 jackals
  4 kobolds
  4 quokkas
  9 ball pythons
  A frilled lizard (D:1)
  7 rats
108 creatures vanquished.

Vanquished Creatures (others)
  A hobgoblin (D:1)
1 creature vanquished.

Grand Total: 109 creatures vanquished

Notes
Turn   | Place    | Note
-------+----------+-------------------------------------------
     0 | D:1      | safid the Merfolk Ice Elementalist began the quest for the
                  | Orb.
     0 | D:1      | Reached XP level 1. HP: 13/13 MP: 3/3
   124 | D:1      | Reached XP level 2. HP: 20/20 MP: 5/5
   154 | D:1      | Reached skill level 1 in Fighting
   338 | D:1      | Reached XP level 3. HP: 8/26 MP: 3/6
   343 | D:1      | Learned a level 3 spell: Frozen Ramparts
   754 | D:1      | Found Tuorhe Zula's Antique Armour Shoppe.
  1185 | D:2      | Reached skill level 5 in Ice Magic
  1279 | D:2      | Reached XP level 4. HP: 33/33 MP: 8/8
  1535 | D:2      | Found a shadowy altar of Dithmenos.
  1973 | D:3      | Reached XP level 5. HP: 33/39 MP: 5/9
  2017 | D:3      | Learned a level 3 spell: Ozocubu's Armour
  2018 | D:3      | Noticed Terence
  2029 | D:3      | Killed Terence
  2111 | D:3      | Found an iron altar of Okawaru.
  2253 | D:3      | Found a snail-covered altar of Cheibriados.
  2503 | D:3      | Reached XP level 6. HP: 31/47 MP: 4/11
  3100 | D:4      | Reached skill level 6 in Ice Magic
  3165 | D:4      | Noticed a sky beast
  3176 | D:4      | Killed a sky beast
  3177 | D:4      | Reached XP level 7. HP: 54/54 MP: 6/13
  3245 | D:4      | Found a runed translucent gate.
  3245 | D:4      | Found a runed translucent gate.
  3245 | D:4      | Found a runed translucent gate.
  3247 | D:4      | Noticed KittyFluff's ghost (novice MiBe)
  3248 | D:4      | Noticed lonewolfV2's ghost (amateur FoFi)
  3248 | D:4      | Noticed Koog's ghost (amateur DsBe)
  3248 | D:4      | Noticed Kazon's ghost (amateur GrFi)
  3724 | D:4      | Reached skill level 5 in Fighting
  3871 | D:4      | Reached skill level 7 in Ice Magic
  4123 | D:5      | Entered Level 5 of the Dungeon
  4167 | D:5      | Reached XP level 8. HP: 62/62 MP: 10/15
  4169 | D:5      | Reached skill level 5 in Spellcasting
  4481 | D:5      | Noticed a shadow
  4502 | D:5      | HP: 3/64 [something (19)]
  4503 | D:5      | Slain by a shadow

Illustrated notes

Levels and vault maps discovered:
D:1:      heliophobic_arrival_enchanted_forest, layout_loops_cross,
          serial_shops, nicolae_shop_pleasant_corner_grove, lemuel_flame_loot_1
D:2:      layout_basic, basic_altar
D:3:      layout_loops_cross, okawaru_gym_becter, lemuel_round_altar,
          uniq_terence
D:4:      layout_loops_ring, gammafunk_ghost_cemetery, kennysheep_minor_cross,
          guppyfry_early_orc_mine
D:5:      layout_rooms, chequers_serial_rivers_large_a, hangedman_glass_teeth,
          grunt_tough_drop

Skill      XL: |  1  2  3  4  5  6  7  8 |
---------------+-------------------------+-----
Fighting       | 1 2 3 4 5 6 |  6.0
Ice Magic      | 5 6 7 |  7.6
Spellcasting   | 3 4 5 |  5.5
Dodging        | |  2.6
Stealth        | |  2.1

Action                     |  1- 3 |  4- 6 |  7- 9 || total
---------------------------+-------+-------+-------++-------
  Melee: Unarmed           |    18 |       |       ||    18
         Whip              |    49 |   147 |    80 ||   276
         Punch             |       |     4 |     1 ||     5
   Cast: Freeze            |    20 |     2 |     6 ||    28
         Frozen Ramparts   |       |     4 |     8 ||    12
         Ozocubu's Armour  |       |     3 |     4 ||     7
    Use: Potion            |       |       |     3 ||     3
   Stab: Sleeping          |     2 |     4 |     1 ||     7
 Armour: Robe              |    21 |    50 |    28 ||    99
  Dodge: Dodged            |    71 |   114 |    77 ||   262
